 Dungeon Crawl Stone Soup version 0.31.0-11-ge490571c62 (webtiles) character file.

Game seed: 13790608464162506824

34 protoss039 the Changeling (level 3, 23/26 HPs)
             Began as a Demonspawn Shapeshifter on Jan 31, 2024.
             Got out of the dungeon alive.
             The game lasted 00:02:56 (331 turns).

protoss039 the Changeling (Demonspawn Shapeshifter)  Turns: 331, Time: 00:02:56

Health: 23/26      AC:  5    Str: 14    XL:     3   Next: 14%
Magic:  3/3        EV: 11    Int: 12    God:
Gold:   12         SH:  0    Dex: 12    Spells: 2/2 levels left

rFire   . .          .
                       - Unarmed
rCold   . . .        (no shield)
rNeg    . . .        f - +0 ring mail
rPois   .            (helmet currently unavailable)
rElec   .            (cloak currently unavailable)
rCorr   .            (gloves currently unavailable)
SInv    .            (boots currently unavailable)
Will    .....        (no amulet)
Stlth   +            (no ring)
HPRegen 0.24/turn    (no ring)
MPRegen 0.08/turn

%: no passive effects
@: beast-form
A: beast (slay +1), horns 1, spiny 1
a: Begin Untransformation


You escaped.
You were a hulking beast.
You visited 1 branch of the dungeon, and saw 1 of its levels.

You collected 12 gold pieces.

Inventory:

Armour
 f - a +0 ring mail (worn)
Talismans
 c - a beast talisman (active)
 d - a flux talisman
Potions
 a - a potion of curing {unknown}
 b - 2 potions of lignification


   Skills:
 + Level 1.4 Fighting
 * Level 0.7 Armour
 * Level 2.3 Dodging
 + Level 2.9 Unarmed Combat
 + Level 2.9 Shapeshifting


You had 2 spell levels left.
You didn't know any spells.
Your spell library contained the following spells:

 Spells                   Type           Power      Damage    Failure   Level
 Apportation              Tloc           0%         N/A       56%         1
 Necrotise                Necr           0%         1d4       56%         1
 Sting                    Conj/Alch      0%         1d3       56%         1
 Summon Small Mammal      Summ           0%         N/A       56%         1


Dungeon Overview and Level Annotations

Branches:
Dungeon (1/15) Zot: 5667

Altars:


Innate Abilities, Weirdness & Mutations

You are a hulking beast.
Your limbs bulge with bestial killing power. (Slay +1)
You have a pair of small horns on your head.
You are partially covered in sharp spines.


Message History

The quokka twitches its whiskers.
You hit the endoplasm.
You kill the endoplasm!
You have reached level 3!
Your experience leads to an increase in your attributes!
Increase (S)trength, (I)ntelligence, or (D)exterity?
You feel clever. x2; Your demonic ancestry asserts itself...
A pair of horns grows on your head!
Unknown command.
Unknown command.
You barely miss the goblin. The goblin is struck by your spines.
The goblin closely misses you.
You barely miss the goblin.
The goblin is moderately wounded.
The goblin hits you but does no damage.
You hit the goblin.
You kill the goblin!
You closely miss the quokka. The quokka is struck by your spines.
The quokka bites you but does no damage.
You hit the quokka.
You kill the quokka!
The dart slug briefly extends its eye-stalks.
You hit the dart slug.
The dart slug is moderately wounded.
You hit the dart slug.
The dart slug is severely wounded.
The dart slug is struck by your spines. The dart slug bites you.
You hit the dart slug.
You kill the dart slug!
You swing at nothing.
Items here: )) †††††.
You see here a jackal corpse.
Items here: )) †††††.
Press: ? - help, v - describe, . - travel, g - get item
Items here: )) †††††.
The floor.
You enter the shallow water.
Moving in this stuff is going to be slow.
There is a staircase leading out of the dungeon here.
You have escaped!

#..###........##..######.~88.~#..
##..##........##''#♣.....~~.~~#..
##.##.......###..#♣......~~~♣#..
#.##.......# #..#..#'###~~~♣#..
#..##......# #..#..#.#.#~~~♣#.†
####...#.....# ####..#.#+#~~♣♣#)#
.............# ♣....♣#.. ##~♣ #.#
.............# ♣....♣#.. #.###.#
.............##♣h...♣#... ##.##.#
........>.....##...♣♣#### #.##.#
...............####### ###..#.#
......#..####.# #.##.# ##......#
#####....####.###.##.# #.......(
##.........##....# #........
#..........###..####........
#...................†.......
#...........................


There were no monsters in sight!

Vanquished Creatures
  3 dart slugs (D:1)
  A ball python (D:1)
  3 endoplasms (D:1)
  3 giant cockroaches (D:1)
  2 goblins (D:1)
  A hobgoblin (D:1)
  3 jackals (D:1)
  2 quokkas (D:1)
  3 bats (D:1)
  2 frilled lizards (D:1)
  A rat (D:1)
24 creatures vanquished.

Notes
Turn   | Place    | Note
-------+----------+-------------------------------------------
     0 | D:1      | protoss039 the Demonspawn Shapeshifter began the quest for
                  | the Orb.
     0 | D:1      | Reached XP level 1. HP: 15/15 MP: 1/1
   181 | D:1      | Gained mutation: You are partially covered in sharp spines.
                  | [demonic ancestry]
   181 | D:1      | Reached XP level 2. HP: 21/21 MP: 2/2
   293 | D:1      | Gained mutation: You have a pair of small horns on your
                  | head. [demonic ancestry]
   293 | D:1      | Reached XP level 3. HP: 16/26 MP: 3/3
   331 | D:$      | Got out of the dungeon alive.

Illustrated notes

Levels and vault maps discovered:
D:1:      sevenhm_arrival_forest_fort_small_5, layout_rooms,
          ebering_ecumenical_altar_petrified

Skill      XL: |  1 |
---------------+----+-----
Dodging        | 2 |  2.3
Fighting       | |  1.4
Armour         | |  0.7
Unarmed Combat | |  2.9
Shapeshifting  | |  2.9

Action                     || total
---------------------------++-------
  Melee: Unarmed           ||    59
         Punch             ||     1
 Armour: Animal skin       ||     7
         Leather armour    ||     4
         Ring mail         ||    16
  Dodge: Dodged            ||    28
   Form: Beast             ||     1
